 Dungeon Crawl Stone Soup version 0.18.1-50-g88ac8fd (webtiles) character file.

194791 tatulmax the Shatterer (level 17, -15/169 HPs)
             Began as a Minotaur Berserker on Sept 20, 2016.
             Was the Champion of Trog.
             Demolished by a hornet (26 damage)
             ... on level 4 of the Spider Nest on Sept 21, 2016.
             The game lasted 06:54:49 (28523 turns).

tatulmax the Shatterer (Minotaur Berserker)        Turns: 28523, Time: 06:54:50

Health: -15/169    AC: 34    Str: 30    XL:     17   Next: 69%
Magic:  0/16       EV: 10    Int:  7    God:    Trog [******]
Gold:   1361       SH:  0    Dex: 14    Spells: 0 memorised, 16 levels left

rFire  . . .     SeeInvis +     G - +9 great mace (elec)
rCold  + . .     Gourm    .     x - +6 plate armour
rNeg   . . .     Faith    .     (shield currently unavailable)
rPois  +         Spirit   .     Y - +0 hat {MR+}
rElec  .         Dismiss  .     I - +1 cloak {rPois}
rCorr  .         Reflect  .     E - +2 pair of gloves {Dex+3}
SustAt .         Harm     .     X - +2 pair of boots {Fly}
MR     ++...                    H - amulet of regeneration
Stlth  ..........               V - ring of Qoneif {rPois rF+}
                                W - ring "Suystris" {Ice Int+3 Dex+2 SInv}

@: exhausted, flying, slowed, very slow, very resistant to hostile enchantments,
extremely unstealthy
A: retaliatory headbutt, horns 2
a: Berserk, Trog's Hand, Brothers in Arms, Burn Spellbooks, Renounce Religion,
Stop Flying
}: 1/15 runes: barnacled


You were on level 4 of the Spider Nest.
You worshipped Trog.
Trog was exalted by your worship.
You were hungry.

You visited 5 branches of the dungeon, and saw 27 of its levels.
You also visited: Ice Cave.

You collected 2226 gold pieces.
You spent 865 gold pieces at shops.

Inventory:

Hand Weapons
 G - a +9 great mace of electrocution (weapon)
Armour
 x - a +6 plate armour (worn)
 E - a +2 pair of gloves of dexterity (worn)
 I - a +1 cloak of poison resistance (worn)
 X - a +2 pair of boots of flying (worn)
 Y - a +0 hat of magic resistance (worn)
Jewellery
 q - a +4 ring of evasion
 u - an uncursed ring of positive energy
 H - an amulet of regeneration (around neck)
 L - an uncursed amulet of dismissal
 T - an uncursed ring of sustain attributes
 V - the ring of Qoneif (right hand) {rPois rF+}
   (You found it on level 1 of the Lair of Beasts)

   [ring of protection from fire]

   It protects you from fire.
   It protects you from poison.
 W - the ring "Suystris" (left hand) {Ice Int+3 Dex+2 SInv}
   (You found it in an ice cave)

   [ring of ice]

   It enhances your ice magic, and weakens your fire magic.
   It affects your intelligence (+3).
   It affects your dexterity (+2).
   It makes you vulnerable to fire.
   It protects you from cold.
   It lets you see invisible.
Wands
 k - a wand of flame (9/48)
 l - a wand of enslavement (23/24)
 o - a wand of disintegration (18/24)
 r - a wand of polymorph (10/24)
 t - a wand of acid (8/15)
 v - a wand of paralysis (15/24)
 y - a wand of slowing (25/48)
 D - a wand of flame (35/48)
 M - a wand of heal wounds (1/9)
 Z - a wand of confusion (31/48)
Scrolls
 b - 3 scrolls of fear
 h - 12 scrolls of remove curse
 i - 16 scrolls of teleportation
 j - a scroll of recharging
 n - 2 scrolls of enchant armour
 C - 4 scrolls of immolation
 K - 2 scrolls of magic mapping
 Q - a scroll of summoning
 S - 4 scrolls of fog
 U - 2 scrolls of silence
Potions
 d - 2 potions of brilliance
 e - 5 potions of curing
 m - 6 potions of invisibility
 p - 4 potions of might
 z - 6 potions of heal wounds
 B - 4 potions of lignification
 O - 3 potions of haste
 P - 4 potions of agility
Miscellaneous
 f - a plain deck of summoning {drawn: 8}
 g - a phial of floods
 w - an ornate deck of destruction
 F - a stone of tremors
 N - a plain deck of summoning {drawn: 2}
Comestibles
 a - 24 meat rations
 c - 11 bread rations
 s - 11 slices of pizza
 A - 9 beef jerkies
 J - 10 fruits
 R - 9 chunks of flesh


   Skills:
 + Level 19.7 Fighting
 + Level 24.2 Maces & Flails
 + Level 17.9 Armour
 - Level 2.1 Dodging


You had 16 spell levels left.
You didn't know any spells.

Dungeon Overview and Level Annotations

Branches:
Dungeon (10/15)            Temple (0/1) D:7            Lair (8/8) D:10
 Shoals (4/4) Lair:5       Spider (4/4) Lair:4        Slime (1/6) Lair:6
    Orc: D:9-12

Altars:
Ashenzari
Elyvilon
Fedhas
Kikubaaqudgha
Nemelex Xobeh
Okawaru
Pakellas
Ru
Vehumet
Xom
Yredelemnul
The Shining One

Shops:
D:6 ([*(   D:7 [   Shoals:1 *


Innate Abilities, Weirdness & Mutations

You reflexively headbutt those who attack you in melee.
You have a pair of horns on your head.


Message History

You feel your power leaking away.
You feel a strong urge to attack something.
The hornet closely misses you.
The hornet stings you but does no damage.
The hornet rages.
You feel your anger subside.
You are no longer berserk.
Trog's vigour flows through your veins.
You are exhausted.
You feel yourself slow down.
You are feeling hungry.
The hornet stings you!!
* * * LOW HITPOINT WARNING * * *
You closely miss the hornet. Your headbutt misses the hornet.
The hornet stings you but does no damage.
The ghost moth stares at you.
The hornet stings you but does no damage.
You closely miss the hornet. You headbutt the hornet.
The hornet is lightly wounded.
The hornet stings you!!
You die...

##### #.^^### ####
#####.....#######≈≈###
###.....≈.yy@.^≈#≈≈≈...#
#####...^.^##..##≈..≈≈≈≈.^##
≈≈≈#≈...#≈.##y.###≈...##.##
≈†≈....#####.y.# ##...≈###
##.....# #≈†## #....#
#^^.≈≈## #††# ##...##
#...### ..##. ##..≈## ≈.^##
#... .. ####..†# .≈≈# +...
... #..#...#


You could see 2 hornets and a wasp.

Vanquished Creatures
  Jorgrun (Spider:2)
  Rupert (Lair:7)
  2 krakens
  Agnes (Spider:3)
  Roxanne (Shoals:2)
  Ilsuiw (Shoals:4)
  4 frost giants
  6 ghost moths
  3 emperor scorpions
  5 spark wasps (Spider:4)
  5 merfolk javelineers (Shoals:4)
  7 merfolk impalers
  Harold (Lair:1)
  3 entropy weavers
  5 hydras
  3 catoblepae (Lair:8)
  2 alligator snapping turtles (Shoals:3)
  2 merfolk aquamancers
  3 satyrs
  Urug (Lair:4)
  12 death yaks
  A tengu warrior (Shoals:2)
  The ghost of tobikus the Protected, a novice MiBe of Trog (Lair:1)
  A fire crab (Lair:7)
  14 sea snakes
  9 harpies
  16 orb spiders
  22 wolf spiders
  12 griffons
  8 fauns
  4 hornets
  10 manticores
  A shining eye (Slime:1)
  3 cyclopes
  10 sirens
  5 elephants (Lair:8)
  4 moths of wrath
  6 water nymphs
  6 black mambas
  Joseph (Lair:1)
  An eye of devastation (Lair:6)
  A torpor snail (Lair:6)
  An ice statue (IceCv)
  9 spiny frogs
  Psyche (D:9)
  8 rime drakes
  7 komodo dragons
  13 demonic crawlers
  2 harpy zombies (Shoals:1)
  37 merfolk
  2 trolls
  A tengu conjurer (Shoals:2)
  24 jumping spiders
  14 polar bears
  2 wind drakes
  3 blink frogs (Lair:3)
  13 slime creatures
  9 snapping turtles
  A boulder beetle (Spider:4)
  45 redbacks
  20 tarantellas
  8 water elementals
  60 yaks
  A wraith (D:9)
  A hog (D:7)
  10 wyverns
  3 fire bats (Lair:5)
  A human (D:7)
  18 hippogriffs
  4 basilisks
  A hungry ghost (D:8)
  10 swamp worms (Spider:3)
  Edmund (D:4)
  13 water moccasins
  3 orc warriors
  11 porcupines
  2 wasps (Spider:4)
  3 sky beasts
  10 ice beasts
  2 eyes of draining
  2 necrophages
  6 ogres
  26 wolves
  A centaur (D:7)
  A big kobold (D:8)
  The ghost of schammes the Covered, an amateur GrFi (D:3)
  17 crocodiles
  15 giant frogs
  2 scorpions (D:5)
  A troll zombie (D:9)
  A hippogriff zombie (Shoals:1)
  6 killer bees (D:8)
  2 troll skeletons (D:9)
  5 wights (D:9)
  4 howler monkeys
  5 electric eels
  4 crimson imps
  A centaur zombie (D:5)
  2 human zombies (D:9)
  2 quasits
  A giant frog skeleton (D:9)
  8 hounds
  6 jellies
  2 centaur skeletons
  4 orc priests
  10 iguanas
  2 human skeletons (D:9)
  5 orc wizards
  7 worker ants
  26 sheep
  A hound skeleton (D:10)
  A mummy (D:9)
  2 worker ant zombies (D:9)
  A howler monkey skeleton (D:4)
  4 gnolls (D:9)
  14 adders
  40 river rats
  A shadow imp (D:6)
  An ooze (D:3)
  An adder skeleton (D:4)
  10 worms
  2 dart slugs (D:1)
  5 giant geckos
  38 orcs
  2 ball pythons
  A bat zombie (Shoals:1)
  7 giant cockroaches
  6 goblins
  11 hobgoblins
  12 jackals
  4 quokkas
  8 bats
  7 giant newts
  A jackal skeleton (D:5)
  12 kobolds
  A quokka zombie (D:6)
  9 rats
  A bush (Lair:8)
  5 plants
  7 tentacles
969 creatures vanquished.

Vanquished Creatures (collateral kills)
  A spark wasp (Spider:4)
  A death yak (Lair:8)
  A wolf spider (Spider:4)
  A jumping spider (Spider:4)
  3 redbacks (Spider:4)
  An ogre (D:9)
  A centaur zombie (D:9)
9 creatures vanquished.

Vanquished Creatures (others)
  3 wolves (IceCv)
  6 fungi
  7 plants
  20 tentacles
  952 tentacle segments
988 creatures vanquished.

Grand Total: 1966 creatures vanquished

Notes
Turn   | Place    | Note
--------------------------------------------------------------
     0 | D:1      | tatulmax the Minotaur Berserker began the quest for the Orb.
     0 | D:1      | Reached XP level 1. HP: 19/19 MP: 0/0
    62 | D:1      | Reached XP level 2. HP: 14/27 MP: 1/1
   171 | D:1      | Reached skill level 4 in Maces & Flails
   369 | D:1      | Reached XP level 3. HP: 34/34 MP: 2/2
   582 | D:2      | Reached ** piety under Trog
   784 | D:2      | Reached XP level 4. HP: 41/41 MP: 3/3
   847 | D:2      | Reached skill level 5 in Fighting
   867 | D:2      | Found a blossoming altar of Fedhas.
   954 | D:3      | Noticed schammes's ghost (amateur GrFi)
   969 | D:3      | Killed schammes's ghost
   969 | D:3      | Reached skill level 5 in Maces & Flails
   969 | D:3      | Reached XP level 5. HP: 31/48 MP: 4/4
  1161 | D:3      | Found a white marble altar of Elyvilon.
  1351 | D:3      | Found a faded altar to an unknown god.
  1359 | D:3      | Reached *** piety under Trog
  1564 | D:3      | Found a shattered altar of Ashenzari.
  1838 | D:3      | Found a glowing golden altar of the Shining One.
  1840 | D:3      | Noticed an angel
  1847 | D:3      | Found a basalt altar of Yredelemnul.
  1849 | D:3      | Noticed a profane servitor
  2561 | D:4      | Noticed Edmund
  2581 | D:4      | Killed Edmund
  2581 | D:4      | Reached skill level 6 in Maces & Flails
  2581 | D:4      | Reached XP level 6. HP: 24/57 MP: 5/5
  2843 | D:4      | Noticed a water moccasin
  2858 | D:4      | Killed a water moccasin
  2858 | D:4      | Reached skill level 5 in Armour
  3477 | D:5      | Entered Level 5 of the Dungeon
  3486 | D:5      | Reached XP level 7. HP: 63/63 MP: 6/6
  3509 | D:5      | Found an iron altar of Okawaru.
  3568 | D:5      | Found a shimmering altar of Xom.
  3728 | D:5      | Reached **** piety under Trog
  3732 | D:5      | Reached skill level 7 in Maces & Flails
  4264 | D:6      | Found a radiant altar of Vehumet.
  4369 | D:6      | Found Atip's Antique Weapon Shoppe.
  4400 | D:6      | Reached XP level 8. HP: 58/73 MP: 7/7
  4407 | D:6      | Reached skill level 8 in Maces & Flails
  4436 | D:6      | Found Uhelintu's Armour Emporium.
  4444 | D:6      | Found Zujynol's Weapon Shop.
  4512 | D:6      | Bought a +2 pair of gloves of dexterity for 279 gold pieces
  4530 | D:6      | Found Xaseyfroy's Assorted Antiques.
  4742 | D:7      | Found a staircase to the Ecumenical Temple.
  4980 | D:7      | Found a radiant altar of Vehumet.
  5030 | D:7      | Reached skill level 9 in Maces & Flails
  5227 | D:7      | Found a sacrificial altar of Ru.
  5300 | D:7      | Found a glowing golden altar of the Shining One.
  5337 | D:7      | Reached ***** piety under Trog
  5483 | D:7      | Reached XP level 9. HP: 82/82 MP: 8/8
  5575 | D:7      | Reached skill level 10 in Maces & Flails
  5889 | D:7      | Found Zojaehes's Antique Armour Shoppe.
  5933 | D:7      | Bought an embroidered cloak for 90 gold pieces
  6494 | D:8      | Reached skill level 11 in Maces & Flails
  6633 | D:9      | Noticed a troll
  6640 | D:9      | Killed a troll
  6705 | D:9      | Reached skill level 10 in Fighting
  6914 | D:9      | Found an ancient bone altar of Kikubaaqudgha.
  6921 | D:9      | Reached XP level 10. HP: 89/93 MP: 9/9
  6959 | D:9      | Found a shimmering altar of Xom.
  6975 | D:9      | Noticed Psyche
  6987 | D:9      | Killed Psyche
  7060 | D:9      | Found a sparkling altar of Nemelex Xobeh.
  7071 | D:9      | Reached skill level 10 in Armour
  7143 | D:9      | Found an oddly glowing altar of Pakellas.
  7229 | D:9      | Received a gift from Trog
  7828 | D:9      | Found a basalt altar of Yredelemnul.
  7867 | D:9      | Reached skill level 12 in Maces & Flails
  7997 | D:10     | Entered Level 10 of the Dungeon
  8290 | D:10     | Found a staircase to the Lair.
  9067 | Lair:1   | Entered Level 1 of the Lair of Beasts
  9072 | Lair:1   | Noticed tobikus's ghost (novice MiBe)
  9082 | Lair:1   | Killed tobikus's ghost
  9082 | Lair:1   | Reached skill level 13 in Maces & Flails
  9130 | Lair:1   | Noticed a five-headed hydra
  9138 | Lair:1   | Killed a five-headed hydra
  9138 | Lair:1   | Reached XP level 11. HP: 75/102 MP: 3/10
  9320 | Lair:1   | Got a coiled lapis lazuli ring
  9322 | Lair:1   | Identified the ring of Qoneif {rPois rF+} (You found it on level 1 of the Lair of Beasts)
  9346 | Lair:1   | Noticed Harold
  9356 | Lair:1   | Killed Harold
  9356 | Lair:1   | Received a gift from Trog
  9416 | Lair:1   | Noticed Joseph
  9423 | Lair:1   | Killed Joseph
  9710 | Lair:1   | Reached skill level 14 in Maces & Flails
 10100 | Lair:2   | Noticed a six-headed hydra
 10107 | Lair:2   | Killed a six-headed hydra
 10961 | D:6      | Bought a +2 pair of boots of flying for 279 gold pieces
 10981 | D:6      | Bought a scroll of teleportation for 75 gold pieces
 11021 | D:7      | Bought a runed hat for 80 gold pieces
 11279 | Lair:3   | Reached skill level 15 in Maces & Flails
 11371 | Lair:3   | Found a frozen archway.
 11378 | Lair:3   | Reached XP level 12. HP: 84/113 MP: 3/11
 11406 | IceCv    | Entered an ice cave
 11502 | IceCv    | Received a gift from Trog
 11555 | IceCv    | Reached ****** piety under Trog
 11883 | IceCv    | Noticed a death yak
 11883 | IceCv    | Noticed a death yak
 11883 | IceCv    | Noticed a death yak
 11900 | IceCv    | Killed a death yak
 11909 | IceCv    | Killed a death yak
 11917 | IceCv    | Killed a death yak
 11917 | IceCv    | Reached skill level 16 in Maces & Flails
 12583 | IceCv    | Noticed a frost giant
 12776 | IceCv    | Killed a frost giant
 13046 | IceCv    | Got a heavily runed wooden ring
 13048 | IceCv    | Identified the ring "Suystris" {Ice Int+3 Dex+2 SInv} (You found it in an ice cave)
 13449 | Lair:3   | Received a gift from Trog
 13799 | Lair:3   | Reached skill level 17 in Maces & Flails
 13802 | Lair:3   | Reached XP level 13. HP: 93/123 MP: 12/12
 13853 | Lair:4   | Found a hole to the Spider Nest.
 13905 | Lair:4   | Noticed Urug
 13923 | Lair:4   | Killed Urug
 15256 | Lair:5   | Found a dark tunnel.
 15333 | Lair:5   | Found a staircase to the Shoals.
 15470 | Lair:6   | Reached skill level 18 in Maces & Flails
 15633 | Lair:6   | Reached skill level 15 in Fighting
 15724 | Lair:6   | Found a staircase to the Slime Pits.
 16589 | Lair:7   | Noticed Rupert
 16619 | Lair:7   | Killed Rupert
 16906 | Lair:7   | Reached XP level 14. HP: 126/135 MP: 13/13
 17624 | Lair:8   | Entered Level 8 of the Lair of Beasts
 17692 | Lair:8   | Received a gift from Trog
 18246 | Lair:8   | Reached skill level 19 in Maces & Flails
 18329 | Lair:8   | Reached skill level 15 in Armour
 19236 | Slime:1  | Entered Level 1 of the Pits of Slime
 19240 | Slime:1  | Gained mutation: Scrolls take you a little longer to read. [a shining eye]
 19245 | Slime:1  | Gained mutation: You are frail (-10% HP). [a shining eye]
 19247 | Slime:1  | Gained mutation: You occasionally shout uncontrollably at your foes. [a shining eye]
 19474 | Slime:1  | Noticed an azure jelly
 19515 | Shoals:1 | Entered Level 1 of the Shoals
 19517 | Shoals:1 | Reached skill level 20 in Maces & Flails
 20002 | Shoals:1 | Reached XP level 15. HP: 30/130 MP: 14/14
 20006 | Shoals:1 | Received a gift from Trog
 20218 | Shoals:1 | Found Ehourch's Assorted Antiques.
 20229 | Shoals:1 | Noticed a kraken
 20248 | Shoals:1 | Killed a kraken
 20364 | Shoals:1 | Bought a scroll of identify for 62 gold pieces
 20882 | Shoals:1 | Gained mutation: You tend to lose your temper in combat. [potion of mutation]
 20882 | Shoals:1 | Gained mutation: Your system is resistant to poisons. [potion of mutation]
 20883 | Shoals:1 | Lost mutation: You occasionally shout uncontrollably at your foes. [potion of cure mutation]
 20883 | Shoals:1 | Lost mutation: Your system is resistant to poisons. [potion of cure mutation]
 20883 | Shoals:1 | Lost mutation: Scrolls take you a little longer to read. [potion of cure mutation]
 20883 | Shoals:1 | Lost mutation: You are frail (-10% HP). [potion of cure mutation]
 20883 | Shoals:1 | Lost mutation: You tend to lose your temper in combat. [potion of cure mutation]
 21289 | Shoals:2 | Identified a scroll of acquirement
 21362 | Shoals:2 | Noticed Roxanne
 21382 | Shoals:2 | Killed Roxanne
 21869 | Shoals:2 | Noticed a kraken
 21931 | Shoals:2 | Killed a kraken
 22266 | Shoals:3 | Reached skill level 21 in Maces & Flails
 22308 | Shoals:3 | Received a gift from Trog
 23001 | Shoals:4 | Entered Level 4 of the Shoals
 23052 | Shoals:4 | Noticed Ilsuiw
 23118 | Shoals:4 | Killed Ilsuiw
 23498 | Shoals:4 | Reached XP level 16. HP: 129/157 MP: 15/15
 23582 | Shoals:4 | Received a gift from Trog
 23610 | Shoals:4 | Got a barnacled rune of Zot
 23679 | Shoals:4 | Reached skill level 22 in Maces & Flails
 24542 | Spider:1 | Entered Level 1 of the Spider Nest
 24557 | Spider:1 | Received a gift from Trog
 25855 | Spider:2 | Noticed Jorgrun
 25866 | Spider:2 | Killed Jorgrun
 25869 | Spider:2 | Reached skill level 23 in Maces & Flails
 26427 | Spider:3 | Reached XP level 17. HP: 166/166 MP: 16/16
 26811 | Spider:3 | Received a gift from Trog
 27026 | Spider:4 | Entered Level 4 of the Spider Nest
 27082 | Spider:4 | Noticed Agnes
 27100 | Spider:3 | Killed Agnes
 28139 | Spider:4 | Received a gift from Trog
 28366 | Spider:4 | Reached skill level 24 in Maces & Flails
 28523 | Spider:4 | Demolished by a hornet

Skill      XL: |  1  2  3  4  5  6  7  8  9 10 11 12 13 14 15 16 17 |
---------------+----------------------------------------------------+-----
Fighting       | 4 5 6 7 8 10 11 12 13 15 16 17 18 19 | 19.7
Maces & Flails | 4 5 6 7 9 11 13 15 17 18 20 21 23 24 | 24.2
Armour         | 3 4 5 6 8 9 11 12 13 14 15 16 17 | 17.9
Dodging        | |  2.1

Action                   |  1- 3 |  4- 6 |  7- 9 | 10-12 | 13-15 | 16-18 || total
-------------------------+-------+-------+-------+-------+-------+-------++-------
Melee: Mace              |    77 |   134 |       |       |       |       ||   211
       Headbutt          |    11 |    27 |    64 |   155 |   304 |   151 ||   712
       Dire flail        |       |    42 |   394 |    23 |       |       ||   459
       Great mace        |       |       |       |   590 |  1008 |   624 ||  2222
Invok: Berserk           |       |     1 |     1 |     3 |     6 |     4 ||    15
       Burn Spellbooks   |       |       |     1 |     1 |     2 |     3 ||     7
Evoke: Deck              |       |       |       |     2 |     2 |     6 ||    10
       Wand              |       |       |       |       |     2 |    31 ||    33
  Use: Scroll            |       |     2 |       |     9 |    28 |    10 ||    49
       Potion            |       |       |       |       |     3 |       ||     3
 Stab: Petrifying        |       |       |       |       |     1 |       ||     1
       Paralysed         |       |       |       |       |       |    10 ||    10
       Held in net/web   |       |       |       |       |       |     2 ||     2
  Eat: Chunk             |       |     9 |    15 |    23 |    34 |    18 ||    99
       Fruit             |       |       |       |     1 |     2 |       ||     3
       Royal jelly       |       |       |       |     1 |       |     1 ||     2
       Pizza             |       |       |       |       |     1 |       ||     1
Armor: Animal skin       |    11 |       |       |       |       |       ||    11
       Ring mail         |    19 |     3 |       |       |       |       ||    22
       Chain mail        |       |    83 |   180 |    16 |       |       ||   279
       Plate armour      |       |       |       |   411 |   716 |   560 ||  1687
Dodge: Dodged            |    47 |    77 |   159 |   221 |   392 |   250 ||  1146
